Map: [ESL] Inside and Out

Players

LiquidElazer (Elazer) - Winner!

  • Race: Zerg Zerg
  • Spawn Location: 1:00

Ryung

  • Race: Terran Terran
  • Spawn Location: 7:00

Event: HomeStory Cup XXI

VOD

Have the link to the VOD?

Description

Time

  • Played on: July 23, 2022, 5:53 a.m.
  • Length: 15:45

All games in this series

Show
View Real Time Build Order
Export as new Build Order

LiquidElazer Zerg - Winner!

Build Orders: Hatch First, Lurkers 

Get SALT Encoding   

  12  0:01  Drone  
  13  0:12  Overlord  
  13  0:17  Drone  
  14  0:31  Drone x2  
  16  0:48  Hatchery  
  15  0:51  Drone  
  15  0:55  Drone  
  17  0:59  Drone  
  18  1:09  Extractor  
  17  1:13  Spawning Pool  
  17  1:16  Drone  
  17  1:20  Drone  
  18  1:28  Drone  
  19  1:38  Drone  
  20  1:50  Drone  
  21  2:00  Queen x2  
  21  2:01  Zergling x4  
  27  2:11  Drone  
  27  2:12  Metabolic Boost  
  27  2:13  Overlord  
  28  2:28  Hatchery  
  27  2:31  Drone  
  27  2:33  Drone  
  29  2:39  Drone x2  
  31  2:45  Queen  
  31  2:50  Overlord  
  33  2:58  Drone x3  
  36  3:06  Overlord  
  40  3:12  Drone x4  
  40  3:15  Queen  
  42  3:22  Queen  
  44  3:28  Overlord, Drone x2  
  44  3:32  Zergling x2  
  47  3:40  Queen  
  49  3:41  Drone x2  
  49  3:45  Drone x3  
  54  3:52  Queen  
  54  3:53  Overlord  
  54  3:54  Zergling x2  
  54  3:55  Zergling x2  
  58  3:56  Zergling x2  
  58  4:01  Drone x3  
  61  4:09  Drone x2  
  63  4:12  Drone  
  63  4:14  Drone  
  65  4:18  Queen  
  65  4:19  Drone x4  
  65  4:22  Overlord  
  65  4:23  Overlord  
  71  4:26  Overlord  
  71  4:29  Queen  
  73  4:33  Lair  
  73  4:41  Drone x2  
  73  4:43  Drone x4  
  73  4:44  Drone  
  80  4:47  Extractor  
  80  4:48  Extractor  
  80  4:50  Baneling Nest  
  77  4:55  Drone x4  
  77  4:58  Overlord  
  77  4:59  Drone  
  82  5:00  Drone x2  
  82  5:04  Zergling x2  
  85  5:09  Zergling x10  
  88  5:14  Zergling x2  
  88  5:19  Overlord  
  88  5:20  Extractor  
  86  5:22  Drone  
  86  5:25  Queen x2  
  86  5:27  Overlord  
  86  5:28  Zergling x8  
  95  5:32  Overseer  
  95  5:33  Hatchery  
  95  5:34  Centrifugal Hooks  
  94  5:38  Overlord  
  94  5:51  Drone x6  
  94  5:55  Overlord  
  100  6:01  Drone x6  
  100  6:02  Drone x3  
  109  6:05  Spore Crawler  
  109  6:06  Spore Crawler  
  109  6:07  Spore Crawler  
  109  6:08  Overlord  
  106  6:17  Evolution Chamber x2  
  104  6:32  Baneling x7  
  104  6:33  Zergling x4, Hatchery  
  104  6:34  Zergling x22  
  116  6:46  Zerg Melee Weapons Level 1, Zerg Ground Armor Level 1  
  116  6:54  Overlord  
  116  6:55  Drone  
  116  6:56  Drone x5  
  116  6:58  Zergling x16  
  116  6:59  Spore Crawler  
  129  7:05  Zergling x2  
  130  7:16  Baneling x6, Zergling x2  
  130  7:17  Zergling x6  
  130  7:22  Zergling x18  
  142  7:32  Overlord  
  142  7:36  Zergling x6  
  142  7:37  Zergling x2  
  144  7:42  Overlord x2  
  144  7:43  Overlord  
  143  7:47  Pneumatized Carapace  
  143  7:48  Hatchery  
  127  7:54  Baneling x14  
  127  7:55  Baneling, Zergling x2  
  127  7:56  Zergling x24  
  139  8:06  Overlord  
  139  8:09  Extractor  
  139  8:10  Drone x3  
  139  8:11  Infestation Pit  
  140  8:15  Zergling x10  
  140  8:16  Zergling x4  
  140  8:19  Burrow  
  147  8:22  Zergling x14  
  153  8:27  Overlord  
  153  8:34  Zergling x8  
  153  8:39  Overlord, Hydralisk Den  
  153  8:41  Extractor, Drone x3  
  157  8:42  Zerg Ground Armor Level 2, Zerg Melee Weapons Level 2  
  157  8:43  Drone x7  
  157  8:46  Baneling x11  
  164  8:48  Zergling x2  
  164  8:49  Zergling x10  
  170  8:56  Hive  
  170  9:00  Overlord  
  170  9:02  Zergling x18  
  179  9:13  Grooved Spines  
  179  9:15  Lurker Den  
  178  9:18  Zergling x2  
  178  9:19  Zergling x26  
  190  9:30  Zergling x14  
  190  9:31  Zergling x4  
  191  9:37  Drone x2  
  191  9:38  Drone x3, Extractor x2  
  194  9:39  Drone x3  
  194  9:45  Baneling x22  
  196  9:50  Zergling x16  
  198  9:59  Extractor  
  191  10:00  Extractor, Drone x7, Spore Crawler  
  191  10:05  Drone x3  
  199  10:09  Adrenal Glands  
  194  10:26  Seismic Spines  
  194  10:27  Muscular Augments  
  194  10:28  Viper x2  
  181  10:57  Hydralisk  
  181  10:58  Hydralisk x8  
  199  11:04  Zerg Ground Armor Level 3  
  199  11:05  Zerg Missile Weapons Level 1  
  193  11:11  Hydralisk x3  
  193  11:16  Hydralisk  
  199  11:23  Adaptive Talons  
  189  11:38  Spine Crawler x2  
  189  11:39  Spine Crawler  
  170  11:40  Spine Crawler  
  170  11:45  Spine Crawler  
  161  11:47  Spine Crawler  
  161  11:48  Spine Crawler  
  160  11:54  Lurker x11  
  160  11:55  Zergling x10  
  160  11:56  Zergling x22  
  160  11:59  Lurker  
  160  12:00  Lurker  
  187  12:13  Zergling x2  
  187  12:14  Zergling x24  
  187  12:35  Zergling x10  
  187  12:36  Zergling x66  
  185  12:41  Overseer  
  185  12:43  Hydralisk x7  
  188  12:48  Baneling x12  
  188  12:49  Baneling x10  
  188  12:53  Hydralisk x6  
  200  12:59  Zerg Missile Weapons Level 2  
  200  13:04  Baneling x3  
  197  13:19  Zergling x24  
  193  13:20  Zergling x34  
  175  13:27  Hydralisk  
  175  13:28  Hydralisk  
  169  13:41  Hydralisk x8  
  148  13:48  Baneling x16  
  157  13:50  Baneling x11  
  157  13:52  Zergling x18  
  157  13:53  Zergling x10  
  168  14:03  Lurker x2  
  168  14:08  Hatchery  
  169  14:11  Lurker x4  
  169  14:12  Lurker  
  174  14:17  Lurker  
  174  14:20  Zergling x32  
  191  14:43  Hydralisk x8  
  195  14:50  Overseer x5  
  194  15:03  Viper x2  
  187  15:14  Viper  
Show
View Real Time Build Order
Export as new Build Order

Ryung Terran 

Build Orders: 2 Factory, Gas First Reaper Expand, Hellion Opening 

Get SALT Encoding   

  12  0:00  SCV  
  13  0:13  SCV  
  14  0:16  Supply Depot  
  14  0:25  SCV  
  14  0:27  Refinery  
  15  0:38  SCV  
  16  0:43  Barracks  
  16  0:50  SCV  
  17  1:02  SCV  
  18  1:14  SCV  
  19  1:29  Orbital Command  
  19  1:30  Reaper  
  20  1:42  Command Center  
  20  1:51  Factory  
  20  1:55  SCV  
  21  2:01  Refinery  
  21  2:04  Barracks Reactor  
  21  2:08  SCV  
  22  2:13  Supply Depot  
  22  2:20  SCV  
  23  2:34  SCV  
  24  2:40  Factory  
  24  2:46  SCV  
  24  2:50  Hellion x2  
  29  2:53  Orbital Command  
  29  2:59  SCV  
  29  3:00  Barracks Tech Lab  
  30  3:06  Starport  
  30  3:11  SCV  
  31  3:19  Hellion  
  35  3:20  Hellion  
  35  3:22  SCV  
  35  3:23  SCV  
  37  3:33  Supply Depot, Infernal Pre-Igniter  
  37  3:37  SCV  
  37  3:38  SCV  
  39  3:43  Viking  
  41  3:49  Hellion  
  41  3:51  Hellion  
  41  3:52  SCV  
  41  3:55  SCV  
  47  4:00  Supply Depot  
  47  4:06  SCV  
  47  4:07  SCV  
  47  4:08  Barracks Tech Lab  
  49  4:16  Hellion x2  
  53  4:20  SCV  
  53  4:22  Hellion, SCV  
  57  4:25  Supply Depot  
  57  4:33  SCV  
  57  4:34  SCV  
  59  4:39  Marine, Command Center  
  60  4:46  Stimpack  
  60  4:50  Hellion x3  
  66  4:54  Supply Depot  
  66  4:56  SCV x2  
  68  5:03  Marine  
  69  5:07  Starport Reactor  
  69  5:10  SCV x2  
  69  5:12  Barracks  
  69  5:13  Barracks  
  61  5:16  Hellion  
  61  5:17  Hellion  
  61  5:20  Marine  
  66  5:23  SCV x2  
  68  5:31  Engineering Bay  
  68  5:32  Engineering Bay  
  68  5:36  SCV x2  
  68  5:41  Refinery  
  68  5:42  Marine  
  71  5:51  SCV x2  
  71  5:54  Orbital Command  
  71  5:56  Terran Infantry Weapons Level 1  
  73  5:57  Starport Reactor  
  73  6:00  Terran Infantry Armor Level 1, Marine  
  74  6:06  Barracks x2  
  74  6:09  SCV x2  
  74  6:10  Barracks Reactor  
  76  6:13  Marine x2  
  76  6:14  Refinery  
  76  6:16  Orbital Command  
  76  6:17  Supply Depot, Marine  
  79  6:22  Siege Tank  
  82  6:26  Supply Depot  
  82  6:28  Supply Depot  
  82  6:29  SCV x2  
  84  6:33  Combat Shield  
  84  6:34  Factory Tech Lab  
  84  6:35  Medivac  
  84  6:36  Medivac  
  84  6:39  Marine x2  
  89  6:40  Marine  
  89  6:43  SCV x3  
  94  6:55  SCV x2, Barracks Reactor  
  94  6:56  SCV  
  94  7:00  Marine x4  
  101  7:03  Supply Depot  
  101  7:04  Supply Depot  
  101  7:07  SCV x2  
  101  7:08  SCV  
  104  7:11  Siege Tank x2  
  104  7:13  Armory  
  104  7:14  Marine  
  104  7:15  Marine x2  
  113  7:24  Marine x2  
  113  7:25  Marine x2  
  113  7:29  Supply Depot  
  117  7:32  SCV x3  
  120  7:37  Marine  
  120  7:38  Marine  
  120  7:39  Supply Depot  
  120  7:40  Supply Depot  
  120  7:42  Medivac x2  
  126  7:50  SCV x2  
  124  7:52  Refinery  
  124  7:54  Command Center  
  124  7:57  SCV  
  124  7:58  Marine x4  
  129  8:02  SCV x2  
  129  8:06  Terran Infantry Weapons Level 2  
  129  8:07  Refinery, Terran Infantry Armor Level 2  
  129  8:13  Marine, Terran Vehicle Weapons Level 1  
  129  8:16  Marine x5  
  135  8:22  Missile Turret  
  135  8:28  Missile Turret  
  135  8:29  Missile Turret  
  135  8:34  SCV x2  
  135  8:35  SCV  
  135  8:38  Marine x8  
  135  8:39  Marine  
  147  8:42  Sensor Tower  
  147  8:43  Siege Tank  
  147  8:47  Siege Tank  
  153  8:51  Supply Depot  
  153  8:58  Marine  
  153  8:59  Marine x3  
  157  9:03  Bunker  
  157  9:08  Medivac x2  
  161  9:11  SCV x3  
  164  9:25  Siege Tank x2  
  164  9:28  Marine x2  
  164  9:29  Marine x4  
  173  9:36  Barracks, Planetary Fortress  
  173  9:37  Ghost Academy  
  173  9:38  Barracks, SCV  
  174  9:39  SCV  
  174  9:40  Barracks  
  174  9:43  SCV  
  176  9:47  Marine x2  
  176  9:50  SCV  
  176  9:51  SCV  
  179  9:56  SCV  
  180  10:04  Factory  
  180  10:05  Siege Tank x2, Supply Depot  
  180  10:06  Supply Depot  
  186  10:12  Terran Vehicle Weapons Level 2  
  186  10:17  Marine x2  
  186  10:19  Marine  
  186  10:20  Marine x4  
  182  10:28  Barracks Tech Lab x2  
  181  10:29  Barracks Tech Lab  
  181  10:30  Sensor Tower  
  181  10:35  Factory, Marine x2  
  181  10:40  Refinery  
  181  10:41  Refinery  
  181  10:47  Ghost x2, Barracks Tech Lab  
  181  10:48  Ghost  
  184  10:57  Ghost, Siege Tank x2  
  192  11:11  Command Center  
  192  11:16  Ghost x3  
  198  11:24  Missile Turret  
  198  11:25  Missile Turret  
  198  11:32  Ghost  
  200  11:36  Terran Infantry Weapons Level 3  
  196  11:40  Ghost  
  196  11:44  Ghost  
  194  11:47  Command Center  
  194  11:50  Ghost  
  196  11:57  Missile Turret  
  196  12:00  Command Center x2  
  196  12:02  Terran Infantry Armor Level 3  
  196  12:03  Missile Turret  
  196  12:18  Ghost x2  
  200  12:22  Missile Turret  
  200  12:27  Missile Turret  
  149  12:40  Siege Tank x2  
  152  12:44  Liberator  
  152  12:45  Liberator  
  152  12:50  Personal Cloaking  
  158  12:54  Marine x6, Marauder x3  
  158  12:55  Marauder  
  172  13:06  Marine  
  172  13:12  Marine  
  174  13:16  Marauder  
  158  13:24  Siege Tank  
  158  13:25  Siege Tank, Marine x4  
  131  13:28  Marine, Marauder x2  
  131  13:29  Marine  
  131  13:32  Orbital Command  
  131  13:34  Marine x2  
  114  13:36  Marine  
  112  13:43  Marine x2  
  112  13:46  Hellion x2, Ghost  
  120  13:48  Ghost x2  
  120  13:49  SCV x2  
  120  13:51  Ghost, SCV  
  129  13:57  Hellion x2  
  129  14:01  Orbital Command  
  133  14:17  Hellion x2  
  137  14:27  Missile Turret, Sensor Tower  
  137  14:55  Siege Tank x2  
  137  14:56  Ghost x2, Hellion x2  
  151  15:04  SCV  
  151  15:05  SCV x2  
  151  15:06  Refinery  
  154  15:07  Refinery  
  154  15:18  Command Center  
Tags
 
Add a new tag
Caveats
  • Supply blocks, unpowered buildings, or Contaminate may cause inaccurate times.
  • Supply counts are checked every 10 seconds.